 Dungeon Sprint DCSS version 0.30-a0-390-g80c34de65d (webtiles) character file.

Game seed: 9458790361005865974

13717 rocky1 the Bludgeoner (level 12, -5/136 (140) HPs)
             Began as an Ogre Gladiator on Dec 5, 2022.
             Was the Champion of Cheibriados.
             Slain by a freezing wraith (23 damage)
             ... in the Dungeon (Sprint VII: "The Pits").
             The game lasted 00:07:58 (3725 turns).

rocky1 the Bludgeoner (Ogre Gladiator)              Turns: 3725, Time: 00:07:59

HP:   -5/136 (140)  AC: 11    Str: 41    XL:     12   Next: 8%
MP:   16/21         EV: 19    Int: 26    God:    Cheibriados [******]
Gold: 44            SH:  0    Dex: 25    Spells: 11/11 levels left

rFire   . . .      SeeInvis .    A - +4 giant spiked club of Irritation {venom, rN+ Str+3 Stlth+}
rCold   . . .      Faith    .    (shield currently unavailable)
rNeg    + . .      Spirit   .    w - +0 troll leather armour
rPois   .          Reflect  .    c - +0 hat
rElec   .          Harm     .    v - +0 cloak
rCorr   .          Rampage  .    (gloves unavailable)
Will    ++...      NoTele   +    (boots unavailable)
Stlth   +++.......               (no amulet)
HPRegen 1.22/turn                j - +3 ring of protection
MPRegen 0.17/turn                B - ring of willpower

@: slowed, lightly drained, very slow
A: large, unfitting armour, tough skin 1
a: Renounce Religion, Bend Time, Temporal Distortion, Slouch, Step From Time


You were in the Dungeon.
You worshipped Cheibriados.
Cheibriados was exalted by your worship.
You visited 1 branch You collected 44 gold pieces.

Inventory:

Hand Weapons
 a - a +0 flail
 h - a +2 morningstar of protection
 o - a +1 flail of protection
 u - a +1 vorpal broad axe
 A - the +4 giant spiked club of Irritation (weapon) {venom, rN+ Str+3 Stlth+}
   (You acquired it in the Dungeon)

   It poisons the flesh of those it strikes.
   Str:       It affects your strength (+3).
   rN:        It protects you from negative energy.
   Stlth:     It makes you more stealthy.
Missiles
 d - 3 throwing nets
 e - a large rock
 l - 3 silver javelins
 x - 4 poisoned darts (quivered)
Armour
 b - a +0 robe
 c - a +0 hat (worn)
 v - a +0 cloak (worn)
 w - a +0 troll leather armour (worn)
Jewellery
 j - a +3 ring of protection (left hand)
 p - a +3 ring of intelligence
 y - a ring of positive energy
 B - a ring of willpower (right hand)
Wands
 C - a wand of roots (14)
 H - a wand of flame (11)
Scrolls
 k - a scroll of blinking
 m - 5 scrolls of amnesia
 n - a scroll of summoning
 D - 4 scrolls of enchant weapon
 E - 6 scrolls of enchant armour
 F - a scroll of identify
 G - a scroll of butterflies
Potions
 f - 8 potions of curing
 g - 11 potions of heal wounds
 i - 4 potions of magic
 q - 2 potions of might
 r - 2 potions of resistance
 s - a potion of berserk rage
 t - a potion of mutation
 z - a potion of ambrosia


   Skills:
 - Level 14.5 Fighting
 * Level 16.5 Maces & Flails
 - Level 9.1 Throwing
 - Level 10.0 Armour
 - Level 11.2 Dodging
 - Level 12.7 Invocations


You had 11 spell levels left.
You didn't know any spells.
Your spell library was empty.

Dungeon Overview and Level Annotations

Branches:
Dungeon (1/1)

Altars:
Ashenzari
Cheibriados
Dithmenos
Elyvilon
Fedhas
Gozag
Hepliaklqana
Kikubaaqudgha
Makhleb
Nemelex Xobeh
Okawaru
Qazlal
Ru
Sif Muna
Trog
Uskayaw
Vehumet
Wu Jian
Xom
Yredelemnul
Zin
The Shining One
Jiyva
Lugonu


Innate Abilities, Weirdness & Mutations

You are too large for most types of armour.
You have tough skin. (AC +1)


Message History

You kill the two-headed ogre!
Cheibriados thoroughly appreciates the change of pace.
The eidolon closely misses you. The eidolon barely misses you.
The eidolon closely misses you. The eidolon hits you.
The freezing wraith barely misses you. x2
You closely miss the eidolon. The eidolon barely misses you. x2
The freezing wraith misses you. The freezing wraith hits you.
The freezing wraith drains your vigour!
You feel as though you will be slow longer.
You bludgeon the eidolon!!
The eidolon is moderately damaged.
The freezing wraith hits you! The freezing wraith freezes you!
The freezing wraith completely misses you.
The eidolon closely misses you. The eidolon hits you!
You are too injured to fight recklessly!
You are too injured to fight recklessly!
You are too injured to fight recklessly!
You stick the eidolon like a pincushion!!!
The eidolon is almost destroyed.
The freezing wraith hits you! The freezing wraith freezes you!
* * * LOW HITPOINT WARNING * * *
The freezing wraith closely misses you.
The eidolon gestures.
The eidolon radiates an aura of fear!
You are terrified of the eidolon!
The eidolon stares piercingly at you. The bolt of negative energy hits you!
You partially resist.
You feel drained.
* * * LOW HITPOINT WARNING * * *
The freezing wraith completely misses you.
The freezing wraith hits you but does no damage.
Activating: Slouch (1% risk of failure)
Press: ? - help, Dir - look around, f - activate You can feel time thicken for a moment.
You are no longer terrified.
You destroy the eidolon!
Cheibriados appreciates the change of pace.
The freezing wraith hits you.
* * * LOW HITPOINT WARNING * * *
The freezing wraith freezes you!!
You die...

#################+#
....[.............#
....).............#
++##############@.#
#W.# #..# #..# #..#
#..# #..# #..#


You could see a freezing wraith.

Vanquished Creatures
  A minotaur (D)
  An eidolon (D)
  A great orb of eyes (D)
  A two-headed ogre (D)
  Erica (D)
  A death yak (D)
  An orc high priest (D)
  A sun demon (D)
  A shadow wraith (D)
  A sixfirhy (D)
  A spriggan druid (D)
  2 phantasmal warriors (D)
  A deep elf pyromancer (D)
  Maurice (D)
  A guardian serpent (D)
  A gargoyle (D)
  A yaktaur (D)
  A rime drake (D)
  A komodo dragon (D)
  A red devil (D)
  A troll (D)
  A tarantella (shapeshifter) (D)
  8 blink frogs (D)
  4 dream sheep (D)
  2 fire bats (D)
  Eustachio (D)
  2 redbacks (D)
  Menkaure (D)
  An acid dragon (D)
  A warg (D)
  A small abomination (D)
  A swamp drake (D)
  An ice beast (D)
  A sky beast (D)
  A wolf (D)
  A centaur (D)
  A phantom (D)
  Blork the orc (D)
  A kobold brigand (D)
  A necrophage (D)
  2 scorpions (D)
  5 wights (D)
  A quasit (D)
  Crazy Yiuf (D)
  A mummy (D)
  An adder (D)
  2 river rats (D)
  A white imp (D)
  An orc (D)
  A bat (D)
  A bat skeleton (D)
  An endoplasm (D)
  2 giant cockroaches (D)
  A goblin (D)
  2 quokkas (D)
  2 ball pythons (D)
  A ball python zombie (D)
  A frilled lizard (D)
  3 rats (D)
83 creatures vanquished.

Notes
Turn   | Place    | Note
-------+----------+-------------------------------------------
     0 | D        | rocky1 the Ogre Gladiator began the quest for the Orb.
     0 | D        | Reached XP level 1. HP: 22/22 MP: 1/1
    17 | D        | Reached skill level 3 in Maces & Flails
    21 | D        | Found a bloodstained altar of Trog.
    21 | D        | Found a shimmering blue altar of Sif Muna.
    21 | D        | Found a viscous altar of Jiyva.
    21 | D        | Found a hazy altar of Hepliaklqana.
    21 | D        | Found an opulent altar of Gozag.
    22 | D        | Found a glowing golden altar of the Shining One.
    22 | D        | Found a glowing silver altar of Zin.
    22 | D        | Found a basalt altar of Yredelemnul.
    22 | D        | Found a shimmering altar of Xom.
    22 | D        | Found an ornate altar of the Wu Jian Council.
    22 | D        | Found a sacrificial altar of Ru.
    22 | D        | Found a stormy altar of Qazlal.
    22 | D        | Found an iron altar of Okawaru.
    22 | D        | Found a sparkling altar of Nemelex Xobeh.
    22 | D        | Found a burning altar of Makhleb.
    22 | D        | Found a blossoming altar of Fedhas.
    22 | D        | Found a white marble altar of Elyvilon.
    22 | D        | Found a shadowy altar of Dithmenos.
    22 | D        | Found a snail-covered altar of Cheibriados.
    26 | D        | Found a corrupted altar of Lugonu.
    26 | D        | Found a radiant altar of Vehumet.
    27 | D        | Found a broken altar of Ashenzari.
    27 | D        | Found an ancient bone altar of Kikubaaqudgha.
    27 | D        | Found a hide-covered altar of Uskayaw.
    33 | D        | Became a worshipper of Cheibriados the Contemplative
    73 | D        | Noticed a scorpion
    78 | D        | Killed a scorpion
    79 | D        | Reached skill level 4 in Maces & Flails
    79 | D        | Reached skill level 1 in Armour
    79 | D        | Reached XP level 2. HP: 18/33 MP: 1/3
    79 | D        | Reached XP level 3. HP: 22/40 MP: 1/4
    79 | D        | Reached XP level 4. HP: 27/49 MP: 1/5
   286 | D        | Reached * piety under Cheibriados
   297 | D        | Noticed Menkaure
   304 | D        | Reached ** piety under Cheibriados
   306 | D        | HP: 1/73 [Menkaure (18)]
   307 | D        | Killed Menkaure
   308 | D        | Reached skill level 6 in Maces & Flails
   308 | D        | Reached XP level 5. HP: 2/59 MP: 5/8
   651 | D        | Noticed a warg
   655 | D        | Reached *** piety under Cheibriados
   656 | D        | Noticed Blork the orc
   674 | D        | Killed a warg
   675 | D        | Reached skill level 7 in Maces & Flails
   675 | D        | Reached skill level 5 in Throwing
   675 | D        | Reached skill level 5 in Dodging
   675 | D        | Reached skill level 5 in Invocations
   675 | D        | Reached XP level 6. HP: 62/68 MP: 9/9
   681 | D        | Reached **** piety under Cheibriados
   690 | D        | Killed Blork the orc
   690 | D        | Reached ***** piety under Cheibriados
   691 | D        | Reached XP level 7. HP: 12/78 MP: 4/11
   927 | D        | Reached skill level 8 in Maces & Flails
   928 | D        | Noticed an orc high priest
   947 | D        | Killed an orc high priest
   948 | D        | Reached skill level 9 in Maces & Flails
   948 | D        | Reached skill level 5 in Armour
   948 | D        | Reached XP level 8. HP: 24/92 MP: 11/13
  1310 | D        | Reached skill level 10 in Fighting
  1313 | D        | Reached skill level 10 in Maces & Flails
  1411 | D        | Noticed Eustachio
  1412 | D        | Noticed a gargoyle
  1418 | D        | Killed a gargoyle
  1419 | D        | Reached XP level 9. HP: 63/102 MP: 13/15
  1433 | D        | Killed Eustachio
  1654 | D        | Reached ****** piety under Cheibriados
  1655 | D        | Reached skill level 11 in Maces & Flails
  1664 | D        | Reached XP level 10. HP: 80/115 MP: 11/17
  1813 | D        | Reached skill level 12 in Maces & Flails
  2123 | D        | Noticed Crazy Yiuf
  2128 | D        | Killed Crazy Yiuf
  2266 | D        | Reached skill level 10 in Invocations
  2403 | D        | Noticed a guardian serpent
  2403 | D        | Noticed a death yak
  2406 | D        | Killed a guardian serpent
  2407 | D        | Reached skill level 13 in Maces & Flails
  2415 | D        | Killed a death yak
  2419 | D        | Reached XP level 11. HP: 119/127 MP: 14/19
  2457 | D        | Noticed a sun demon
  2462 | D        | Killed a sun demon
  2463 | D        | Reached skill level 10 in Dodging
  2515 | D        | Noticed a sixfirhy
  2515 | D        | Noticed Erica
  2515 | D        | Noticed a phantasmal warrior
  2515 | D        | Noticed a phantasmal warrior
  2517 | D        | Killed a sixfirhy
  2519 | D        | Killed a phantasmal warrior
  2519 | D        | Killed a phantasmal warrior
  2520 | D        | Reached skill level 14 in Maces & Flails
  2522 | D        | Killed Erica
  2697 | D        | Acquired the +4 giant spiked club of Irritation {venom, rN+
                  | Str+3 Stlth+}
  2765 | D        | Killed a shadow wraith
  3046 | D        | Noticed a spriggan druid
  3046 | D        | Noticed a deep elf pyromancer
  3049 | D        | Killed a spriggan druid
  3060 | D        | Killed a deep elf pyromancer
  3061 | D        | Reached skill level 15 in Maces & Flails
  3316 | D        | Noticed a great orb of eyes
  3328 | D        | Killed a great orb of eyes
  3329 | D        | Reached skill level 10 in Armour
  3565 | D        | Noticed a minotaur
  3565 | D        | Noticed Maurice
  3573 | D        | Killed a minotaur
  3577 | D        | Killed Maurice
  3578 | D        | Reached skill level 16 in Maces & Flails
  3578 | D        | Reached XP level 12. HP: 104/140 MP: 21/21
  3715 | D        | Noticed a two-headed ogre
  3715 | D        | Noticed an eidolon
  3721 | D        | Killed a two-headed ogre
  3725 | D        | Killed an eidolon
  3725 | D        | Slain by a freezing wraith

Illustrated notes

Levels and vault maps discovered:
D:        pitsprint [storerooms_1, entrance_room_1, metal_vault_7, armoury_3,
          mini_pit_1, grid_room_1, main_hall_1, silver_pit, the_coven_3,
          the_vestibule_1, steel_vault_1, golden_pit, hallway_of_sentries,
          crystal_vault_1, iron_vault_1, final_vault]

Skill      XL: |  1  2  3  4  5  6  7  8  9 10 11 |
---------------+----------------------------------+-----
Maces & Flails | 4 6 7 9 10 11 13 16 | 16.5
Dodging        | 3 4 5 6 7 8 9 11 | 11.2
Fighting       | 4 6 7 9 10 11 13 14 | 14.5
Throwing       | 3 4 5 7 8 9 |  9.1
Armour         | 1 3 4 5 6 7 8 10 | 10.0
Invocations    | 2 4 5 7 8 9 10 12 | 12.7

Action                   |  1- 3 |  4- 6 |  7- 9 | 10-12 || total
-------------------------+-------+-------+-------+-------++-------
Melee: Flail             |     8 |    46 |    37 |       ||    91
       Punch             |     1 |     1 |       |     2 ||     4
       Morningstar       |       |       |    17 |    68 ||    85
       Giant spiked club |       |       |       |    53 ||    53
Throw: Large rock        |       |       |     1 |       ||     1
       Dart              |       |       |       |     7 ||     7
Invok: Slouch            |       |     1 |     5 |     7 ||    13
  Use: Potion            |     1 |     8 |       |       ||     9
       Scroll            |       |       |       |     1 ||     1
 Stab: Sleeping          |       |     1 |     1 |       ||     2
       Distracted        |       |       |       |     1 ||     1
Armor: Robe              |     1 |    25 |    22 |     6 ||    54
       Troll leather arm |       |       |       |    38 ||    38
Dodge: Dodged            |     8 |    48 |    39 |   143 ||   238

Table legend: (Time is in decaauts)
 A = Elapsed time spent in this place.
 B = Non-inter-level travel time spent in this place.
 C = Inter-level travel time spent in this place.
 D = Time resting spent in this place.
 E = Time spent auto-exploring this place.
 F = Levels seen in this place.
 G = Mean time per level.
                   A        B        C        D        E       F      G
               +--------+--------+--------+--------+--------+-----+--------+
         Total |   4206 |   4096 |    110 |   2842 |      0 |   1 | 4206.0 |
       Dungeon |   4206 |   4096 |    110 |   2842 |      0 |   1 | 4206.0 |
               +--------+--------+--------+--------+--------+-----+--------+

Top non-repeatable levels by time:
       D: 4206 daAuts
